 Dungeon Crawl Stone Soup version 0.31.0-11-ge490571c62 (webtiles) character file.

Game seed: 8216658747022977512

284 sentinel the Caller (level 6, -1/53 HPs)
             Began as an Oni Summoner on Jan 26, 2024.
             Succumbed to a killer bee's poison
             ... on level 5 of the Dungeon.
             The game lasted 00:06:50 (858 turns).

sentinel the Caller (Oni Summoner)                   Turns: 858, Time: 00:06:51

Health: -1/53      AC:  3    Str: 13    XL:     6   Next: 29%
Magic:  12/12      EV:  9    Int: 18    God:
Gold:   118        SH:  0    Dex:  9    Spells: 3/13 levels left

rFire   . . .        m - +2 dagger (venom)
rCold   . . .        (no shield)
rNeg    . . .        a - +0 robe
rPois   .            (helmet restricted)
rElec   .            (no cloak)
rCorr   .            (gloves unavailable)
SInv    .            (boots unavailable)
Will    +....        e - amulet of magic regeneration
Stlth   +            (no ring)
HPRegen 0.28/turn    (no ring)
MPRegen 0.53/turn

%: no passive effects
@: lethally poisoned (-1 -> -8), attractive, enlightened, unable to call your
familiar, flying
A: large, unfitting armour, horns 1, tough skin 1, double potion healing,
drunken brawling
a: no special abilities


You were on level 5 of the Dungeon.
You visited 1 branch of the dungeon, and saw 6 of its levels.

You collected 118 gold pieces.

Inventory:

Hand Weapons
 m - a +2 dagger of venom (weapon)
Missiles
 n - 8 poisoned darts
Armour
 a - a +0 robe (worn)
Magical Staves
 k - a staff of cold {!a}
Jewellery
 d - an amulet of guardian spirit
 e - an amulet of magic regeneration (around neck)
Wands
 i - a wand of polymorph (12)
 A - a wand of quicksilver (7)
Scrolls
 f - a scroll of enchant armour {unknown}
 o - a scroll of brand weapon {unknown}
Potions
 b - a potion of magic
 g - a potion of ambrosia {unknown}
 h - a potion of curing {unknown}
 j - a potion of cancellation {unknown}
 l - a potion of haste {unknown}
 p - a potion of enlightenment
 q - a potion of might {unknown}
 r - a potion of heal wounds {unknown}


   Skills:
 + Level 0.4 Short Blades
 - Level 1.7 Dodging
 - Level 1.4 Stealth
 - Level 4.2 Spellcasting
 - Level 5.5 Summonings
 + Level 1.7 Air Magic


You had 3 spell levels left.
You knew the following spells:

 Your Spells              Type           Power      Damage    Failure   Level
a - Summon Small Mammal   Summ           92%        N/A       1%          1
b - Call Imp              Summ           46%        N/A       2%          2
c - Call Canine Familiar  Summ           23%        N/A       4%          3
L - Summon Lightning Spi  Summ/Air       16%        N/A       32%         4

Your spell library contained the following spells:

 Spells                   Type           Power      Damage    Failure   Level
 Summon Blazeheart Golem  Fire/Summ      13%        N/A       41%         4


Dungeon Overview and Level Annotations

Branches:
Dungeon (6/15) Zot: 26971
 Temple: D:4-7

Altars:
Cheibriados

Annotations:
D:6 Dowan, Duvessa


Innate Abilities, Weirdness & Mutations

You are too large for most types of armour.
You have a pair of small horns on your head.
You have tough skin. (AC +1)
You gain doubled healing and magic from potions.
Whenever you drink a healing potion, you attack all around you.


Message History

Your cerulean imp hits the bombardier beetle but does no damage.
The bombardier beetle bites you.
You hit the bombardier beetle but do no damage.
The bombardier beetle looks even sicker.
The bombardier beetle is lightly wounded.
Your cerulean imp closely misses the bombardier beetle.
You closely miss the bombardier beetle.
You headbutt the bombardier beetle, but do no damage.
The bombardier beetle is moderately wounded.
Your cerulean imp hits the bombardier beetle but does no damage.
The bombardier beetle barely misses you.
Your inugami hits the bombardier beetle.
You hit the bombardier beetle.
Your headbutt misses the bombardier beetle.
The bombardier beetle is almost dead.
You kill the bombardier beetle!
You have reached level 6!
You feel stronger.
Found an escape hatch in the ceiling.
Found a silver wand.
q - a fuming silvery potion
Found a viscous sapphire potion.
Found a sling.
A - a wand of quicksilver (7)
r - a viscous sapphire potion 2 killer bees come into view.
There are monsters nearby!
You swap places.
You see here a +0 sling.
Your cerulean imp disappears in a puff of smoke!
A scorpion comes into view.
A tiny devil pulls itself out of the air.
The scorpion misses your cerulean imp. The scorpion closely misses you.
Your cerulean imp hits the scorpion but does no damage.
You hit the scorpion.
The scorpion is poisoned.
Your headbutt misses the scorpion.
The scorpion is lightly wounded.
The scorpion stings you.
Your inugami barely misses the scorpion.
Your cerulean imp barely misses the scorpion.
You barely miss the scorpion.
The scorpion is lightly wounded.
The scorpion closely misses you.
Your inugami barely misses the scorpion.
Your cerulean imp hits the scorpion but does no damage.
You barely miss the scorpion. You punch the scorpion.
The scorpion is moderately wounded.
The scorpion closely misses you.
Your inugami closely misses the scorpion.
Your cerulean imp hits the scorpion but does no damage.
The scorpion stings you.
You closely miss the scorpion.
The scorpion is heavily wounded.
The scorpion stings you.
You are poisoned.
The scorpion poisons you!
Your inugami misses the scorpion.
Your cerulean imp hits the scorpion but does no damage.
You feel very sick. The scorpion stings your cerulean imp.
Your inugami closely misses the scorpion.
Your cerulean imp closely misses the scorpion.
You feel sick.
The scorpion barely misses your inugami.
Your inugami barely misses the scorpion.
Your cerulean imp hits the scorpion but does no damage.
You feel sick. The scorpion stings your cerulean imp.
Your inugami hits the scorpion.
The scorpion dies!
You feel sick.
You feel sick.
Found 12 gold pieces.
Found a stone staircase leading down.
You feel sick.
You feel sick.
You feel sick.
You are no longer poisoned.
You now have 118 gold pieces (gained 12).
There are no items here.
There is a stone staircase leading down here.
You climb downwards.
Your summoned allies are left behind.
Duvessa shouts!
Dowan shouts!
Found 11 gold pieces.
There is a stone staircase leading up here.
Dowan casts a spell at you. The puff of flame hits you.
You climb upwards.
Your cerulean imp disappears in a puff of smoke!
Your inugami disappears in a puff of smoke!
There is a stone staircase leading down here.
Casting: Call Imp (safe; 2% risk of failure)
Confirm with . or Enter, or press ? or * to list all spells.
You call for your canine familiar and it appears with a howl!
Found an escape hatch in the floor.
An iguana comes into view.
The iguana hisses angrily.
A killer bee comes into view.
Something stings your inugami.
Your inugami is poisoned.
Something poisons your inugami! Something bites your inugami.
Something stings your inugami. Something misses your inugami.
The killer bee stings your inugami.
Your inugami barely misses the killer bee.
The killer bee closely misses your inugami.
Your inugami misses the killer bee. The killer bee stings your inugami.
Your inugami dies!
Your inugami disappears in a puff of smoke!
A tiny devil pulls itself out of the air.
Casting: Call Imp (safe; 2% risk of failure)
Confirm with . or Enter, or press ? or * to list all spells.
Your canine familiar is too injured to answer your call.
Unknown command.
Your cerulean imp hits the killer bee with a -2 spear.
A tiny devil pulls itself out of the air.
Your cerulean imp disappears in a puff of smoke!
The killer bee closely misses you.
Your cerulean imp closely misses the killer bee.
You closely miss the killer bee.
The killer bee is lightly wounded.
The killer bee stings you.
You are poisoned.
The killer bee poisons you!
Your cerulean imp hits the killer bee from afar with a -2 spear.
The killer bee stings you.
You are more poisoned.
The killer bee poisons you!
You hit the killer bee.
The killer bee is heavily wounded.
You feel very sick. The killer bee stings you.
You are too injured to fight recklessly!
You miss the killer bee.
The killer bee is heavily wounded.
You feel very sick. The killer bee stings you!
Your cerulean imp hits the killer bee but does no damage.
The killer bee stings you!
* * * LOW HITPOINT WARNING * * *
It was a potion of enlightenment.
You feel very buoyant.
You fly up into the air.
* * * LOW HITPOINT WARNING * * *
You feel very sick.
The killer bee stings you but does no damage.
Your cerulean imp hits the killer bee from afar with a -2 spear.
The killer bee stings you.
* * * LOW HITPOINT WARNING * * *
HP warning!
It was a potion of attraction.
You feel attractive to monsters.
You die...

##...ยง..##....#.....
##...#..............
#..l##..............
##.>....#...##.......
#.......##..##...)...
#....#.....###.....##
###l.##............##
##..y###..##..........
#....@.#..#...........
###5#....##.......##..
########.......###.<
#.......# ##.
###....## .. ##....#
#.. #....# ### #....#
##.###


You could see an iguana, a killer bee (ally target) and a friendly cerulean imp
(summoned).

Vanquished Creatures
  2 bombardier beetles
  A ribbon worm (D:2)
  A ball python (D:1)
  A giant cockroach (D:2)
  A hobgoblin (D:1)
  A jackal (D:4)
  A quokka (D:1)
  A kobold (D:2)
  2 rats (D:1)
11 creatures vanquished.

Vanquished Creatures (collateral kills)
  A kobold brigand (D:4)
  A scorpion (D:5)
  A hound (D:4)
  Ijyb (D:3)
  A dart slug (D:3)
  2 orcs
  An endoplasm (D:4)
  2 goblins
  5 jackals (D:4)
  A kobold (D:1)
  A ball python (D:3)
  A frilled lizard (D:1)
18 creatures vanquished.

Grand Total: 29 creatures vanquished

Notes
Turn   | Place    | Note
-------+----------+-------------------------------------------
     0 | D:1      | sentinel the Oni Summoner began the quest for the Orb.
     0 | D:1      | Reached XP level 1. HP: 16/16 MP: 3/3
    92 | D:1      | Reached XP level 2. HP: 24/24 MP: 1/5
    97 | D:1      | You fall into a shaft and drop 1 floor!
   112 | D:2      | Reached skill level 4 in Summonings
   162 | D:2      | Learned a level 2 spell: Call Imp
   168 | D:3      | Noticed Ijyb
   183 | D:3      | Killed Ijyb
   184 | D:3      | Reached XP level 3. HP: 28/31 MP: 2/7
   318 | D:3      | Learned a level 3 spell: Call Canine Familiar
   435 | D:4      | Reached XP level 4. HP: 36/39 MP: 4/9
   441 | D:4      | Learned a level 4 spell: Summon Lightning Spire
   543 | D:4      | Reached XP level 5. HP: 15/45 MP: 8/10
   687 | D:4      | Noticed a kobold brigand
   709 | D:4      | Killed a kobold brigand
   710 | D:4      | Reached skill level 5 in Summonings
   710 | D:4      | Reached skill level 1 in Air Magic
   737 | D:5      | Entered Level 5 of the Dungeon
   737 | D:5      | Found a snail-covered altar of Cheibriados.
   776 | D:5      | Reached XP level 6. HP: 49/53 MP: 12/12
   830 | D:6      | Noticed Duvessa
   830 | D:6      | Noticed Dowan
   857 | D:5      | HP: 1/53 [killer bee (4)]
   858 | D:5      | Succumbed to a killer bee's poison

Illustrated notes

Levels and vault maps discovered:
D:1:      lightli_molten_gateway, layout_loops_ring,
          shapermc_ecumenical_altar_flowoftime, serial_forest,
          infiniplex_forest_lined_3, infiniplex_forest_clump_curved,
          infiniplex_forest_straight_3, infiniplex_forest_clump_small,
          infiniplex_forest_straight_1, infiniplex_forest_end_1,
          infiniplex_forest_straight_3, infiniplex_forest_straight_2,
          infiniplex_forest_clump_long, item_on_display_a
D:2:      layout_basic, uniq_robin
D:3:      layout_basic, uniq_ijyb
D:4:      layout_basic, nicolae_tso_carved_into_rock, marbit_many_paths,
          minmay_temple_entry_junction, nicolae_nh_ransacked_shop, uniq_natasha
D:5:      layout_cave_pools, regret_index_xom_of_box,
          mainiacjoe_overflow_tiny_flanked
D:6:      layout_basic, kennysheep_mini_moat, uniq_duvessa, uniq_eustachio

Skill      XL: |  1  2  3  4  5 |
---------------+----------------+-----
Summonings     | 4 5 |  5.5
Spellcasting   | 3 4 |  4.2
Air Magic      | 1 |  1.7
Short Blades   | |  0.4
Dodging        | |  1.7
Stealth        | |  1.4

Action                     |  1- 3 |  4- 6 || total
---------------------------+-------+-------++-------
  Melee: Unarmed           |     8 |       ||     8
         Headbutt          |     7 |     1 ||     8
         Dagger            |    21 |    23 ||    44
         Punch             |       |     1 ||     1
   Cast: Summon Small Mamm |    11 |       ||    11
         Call Imp          |     4 |     9 ||    13
         Call Canine Famil |     2 |     9 ||    11
    Use: Potion            |       |     2 ||     2
   Stab: Distracted        |       |     1 ||     1
 Armour: Robe              |    18 |    39 ||    57
  Dodge: Dodged            |    11 |    21 ||    32
